TOP OF THE 1ST |
Chicago (APP) Cubs batting - Pitching for San Diego (APP) Padres : RHP Jon Naegele
|
Pitching: RHP Jon Naegele
|
|
Batting: RHB Chris Petrock
|
0-0: Ball 1-0: Ball 2-0: Ball 3-0: Base on Balls
|
Batting: SHB Eddie Tetzlaff
|
0-0: Ball Chris Petrock is caught stealing 2nd base 2-6 1-0: Foul Ball, location: 2F 1-1: Ground out 4-3 (Groundball, 4, EV 103.1 MPH)
|
Batting: RHB Jacob Nagle
|
0-0: Called Strike 0-1: Ground out 1-3 (Groundball, 34S, EV 70.0 MPH)
|
Top of the 1st over - 0 runs, 0 hits, 0 errors, 0 left on base; Chicago (APP) 0 - San Diego (APP) 0 |
BOTTOM OF THE 1ST |
San Diego (APP) Padres batting - Pitching for Chicago (APP) Cubs : RHP Javier Rivera
|
Pitching: RHP Javier Rivera
|
|
Batting: RHB Luis Juarez
|
0-0: Swinging Strike 0-1: Ball 1-1: Ball 2-1: Foul Ball, location: 2F 2-2: Strikes out looking
|
Batting: SHB Justin Burkholder
|
0-0: Ball 1-0: Called Strike 1-1: Swinging Strike 1-2: Strikes out swinging
|
Batting: RHB Laroya Foronda
|
0-0: Ball 1-0: Fly out, F7 (Flyball, 7LMF, EV 79.4 MPH)
|
Bottom of the 1st over - 0 runs, 0 hits, 0 errors, 0 left on base; Chicago (APP) 0 - San Diego (APP) 0 |
TOP OF THE 2ND |
Chicago (APP) Cubs batting - Pitching for San Diego (APP) Padres : RHP Jon Naegele
|
Batting: LHB Ryan Cross
|
0-0: Ground out 6-3 (Groundball, 6, EV 87.5 MPH)
|
Batting: RHB Willie Martinez
|
0-0: Swinging Strike 0-1: Ball 1-1: SINGLE (Groundball, 34D, EV 100.0 MPH)
|
Batting: RHB Casey Snyder
|
0-0: Grounds into double play, 6-4-3 (Groundball, 6, EV 102.5 MPH)
|
Top of the 2nd over - 0 runs, 1 hit, 0 errors, 0 left on base; Chicago (APP) 0 - San Diego (APP) 0 |
BOTTOM OF THE 2ND |
San Diego (APP) Padres batting - Pitching for Chicago (APP) Cubs : RHP Javier Rivera
|
Batting: RHB Luis Ramos
|
0-0: Ball 1-0: Called Strike 1-1: Fly out, F8 (Flyball, 8LM, EV 90.6 MPH)
|
Batting: SHB Juan Luna
|
0-0: Ball 1-0: Ball 2-0: Ball 3-0: Called Strike 3-1: Called Strike 3-2: Strikes out swinging
|
Batting: LHB Bobby Mohr
|
0-0: Ball 1-0: Ball 2-0: Foul Ball, location: 2F 2-1: Foul Ball, location: 2F 2-2: Strikes out looking
|
Bottom of the 2nd over - 0 runs, 0 hits, 0 errors, 0 left on base; Chicago (APP) 0 - San Diego (APP) 0 |
TOP OF THE 3RD |
Chicago (APP) Cubs batting - Pitching for San Diego (APP) Padres : RHP Jon Naegele
|
Batting: RHB Troy Nichols
|
0-0: Called Strike 0-1: Ground out 6-3 (Groundball, 6, EV 82.5 MPH)
|
Batting: RHB A.J. Moore
|
0-0: Ball 1-0: Foul Ball, location: 2F 1-1: Swinging Strike 1-2: Ball 2-2: Strikes out swinging
|
Batting: RHB Javier Rivera
|
0-0: Ball 1-0: Ball 2-0: Ball 3-0: Called Strike 3-1: Swinging Strike 3-2: Strikes out swinging
|
Top of the 3rd over - 0 runs, 0 hits, 0 errors, 0 left on base; Chicago (APP) 0 - San Diego (APP) 0 |
BOTTOM OF THE 3RD |
San Diego (APP) Padres batting - Pitching for Chicago (APP) Cubs : RHP Javier Rivera
|
Batting: LHB Justin Banner
|
0-0: Called Strike 0-1: Ball 1-1: Called Strike 1-2: Fly out, F8 (Flyball, 89M, EV 86.9 MPH)
|
Batting: RHB Jonathan Klug
|
0-0: Called Strike 0-1: Foul Ball, location: 2F 0-2: SINGLE (Groundball, 6D, EV 103.1 MPH)
|
Batting: RHB Jon Naegele
|
0-0: Sac Bunt to 25 - play at first, batter OUT! 5-4 Jonathan Klug to second
|
Batting: RHB Luis Juarez
|
0-0: Ball 1-0: Fly out, F8 (Flyball, 8LD, EV 97.5 MPH)
|
Bottom of the 3rd over - 0 runs, 1 hit, 0 errors, 1 left on base; Chicago (APP) 0 - San Diego (APP) 0 |
TOP OF THE 4TH |
Chicago (APP) Cubs batting - Pitching for San Diego (APP) Padres : RHP Jon Naegele
|
Batting: RHB Chris Petrock
|
0-0: Ball 1-0: Foul Ball, location: 2F 1-1: Foul Ball, location: 2F 1-2: Hit by Pitch
|
Batting: SHB Eddie Tetzlaff
|
0-0: Ball 1-0: Ball 2-0: Called Strike 2-1: Foul Ball, location: 2F 2-2: Strikes out swinging
|
Batting: RHB Jacob Nagle
|
0-0: Ball 1-0: Fly out, F9 (Line Drive, 9, EV 103.1 MPH)
|
Batting: LHB Ryan Cross
|
0-0: Ball Wild Pitch! Chris Petrock to second 1-0: Called Strike 1-1: Foul Ball, location: 2F 1-2: Foul Ball, location: 2F 1-2: Ball 2-2: Ball 3-2: Reached on error, E4 (Groundball, 34D, EV 102.5 MPH) Chris Petrock scores
|
Batting: RHB Willie Martinez
|
0-0: Ball 1-0: Ball Passed Ball! Ryan Cross to third 2-0: Called Strike 2-1: Ball 3-1: Base on Balls
|
Batting: RHB Casey Snyder
|
0-0: Ball 1-0: Ball Wild Pitch! Ryan Cross scores Willie Martinez to second 2-0: Foul Ball, location: 2F 2-1: Ball 3-1: Called Strike 3-2: Fly out, F9 (Flyball, 9LM, EV 85.0 MPH)
|
Top of the 4th over - 2 runs, 0 hits, 1 error, 1 left on base; Chicago (APP) 2 - San Diego (APP) 0 |
BOTTOM OF THE 4TH |
San Diego (APP) Padres batting - Pitching for Chicago (APP) Cubs : RHP Javier Rivera
|
Batting: SHB Justin Burkholder
|
0-0: Ball 1-0: Fly out, F8 (Flyball, 8RS, EV 75.6 MPH)
|
Batting: RHB Laroya Foronda
|
0-0: Swinging Strike 0-1: Swinging Strike 0-2: Foul Ball, location: 2F 0-2: Strikes out swinging
|
Batting: RHB Luis Ramos
|
0-0: SINGLE (Groundball, 34D, EV 108.1 MPH)
|
Batting: SHB Juan Luna
|
0-0: Called Strike 0-1: Foul Ball, location: 2F 0-2: Ball 1-2: Strikes out swinging
|
Bottom of the 4th over - 0 runs, 1 hit, 0 errors, 1 left on base; Chicago (APP) 2 - San Diego (APP) 0 |
TOP OF THE 5TH |
Chicago (APP) Cubs batting - Pitching for San Diego (APP) Padres : RHP Jon Naegele
|
Batting: RHB Troy Nichols
|
0-0: Called Strike 0-1: Ball 1-1: Called Strike 1-2: Ball 2-2: SINGLE (Groundball, 6D, EV 95.0 MPH)
|
Batting: RHB A.J. Moore
|
0-0: Foul Ball, location: 2F 0-1: Called Strike 0-2: Strikes out swinging
|
Batting: RHB Javier Rivera
|
0-0: Ball Troy Nichols steals 2nd base 1-0: Foul Ball, location: 2F 1-1: Swinging Strike Passed Ball! Troy Nichols to third 1-2: Ball Passed Ball! Troy Nichols scores 2-2: Ball 3-2: Foul Ball, location: 2F 3-2: Foul Ball, location: 2F 3-2: Foul Ball, location: 2F 3-2: Foul Ball, location: 2F 3-2: Strikes out swinging
|
Batting: RHB Chris Petrock
|
0-0: SINGLE (Groundball, 34D, EV 98.8 MPH)
|
Pitching: RHP Glen Nott
|
|
Batting: SHB Eddie Tetzlaff
|
0-0: Ball Chris Petrock is caught stealing 2nd base 2-6
|
Top of the 5th over - 1 run, 2 hits, 0 errors, 0 left on base; Chicago (APP) 3 - San Diego (APP) 0 |
BOTTOM OF THE 5TH |
San Diego (APP) Padres batting - Pitching for Chicago (APP) Cubs : RHP Javier Rivera
|
Batting: LHB Bobby Mohr
|
0-0: Foul Ball, location: 2F 0-1: Ball 1-1: Foul Ball, location: 2F 1-2: SINGLE (Line Drive, 78S, EV 85.6 MPH)
|
Batting: LHB Justin Banner
|
0-0: Called Strike 0-1: Ball 1-1: Ball 2-1: Fielders Choice at 2nd, 3-6 (Groundball, 34, EV 75.6 MPH)
|
Batting: RHB Jonathan Klug
|
0-0: SINGLE (Groundball, 6MD, EV 105.0 MPH) Justin Banner to second
|
Pinch Hitting: RHB Joe Brady
|
0-0: DOUBLE (Line Drive, 89D, EV 107.5 MPH) Justin Banner scores Jonathan Klug to third Runner from 3rd tries for Home, SAFE, no throw by CF
|
Batting: RHB Luis Juarez
|
0-0: Foul Ball, location: 2F 0-1: Called Strike 0-2: Ball 1-2: Foul Ball, location: 2F 1-2: Strikes out swinging
|
Batting: SHB Justin Burkholder
|
0-0: Called Strike 0-1: Ball 1-1: Called Strike 1-2: Strikes out swinging
|
Bottom of the 5th over - 2 runs, 3 hits, 0 errors, 1 left on base; Chicago (APP) 3 - San Diego (APP) 2 |
TOP OF THE 6TH |
Chicago (APP) Cubs batting - Pitching for San Diego (APP) Padres : RHP Glen Nott
|
Pitching: RHP John Reffner
|
|
Batting: SHB Eddie Tetzlaff
|
0-0: Swinging Strike 0-1: Ball 1-1: Ball 2-1: Swinging Strike 2-2: Foul Ball, location: 2F 2-2: Foul Ball, location: 2F 2-2: Ground out 1-3 (Groundball, 13, EV 75.6 MPH)
|
Batting: RHB Jacob Nagle
|
0-0: Fly out, F8 (Flyball, 8RS, EV 95.6 MPH)
|
Batting: LHB Ryan Cross
|
0-0: Ball 1-0: Called Strike 1-1: Ball 2-1: Fly out, F8 (Flyball, 78D, EV 93.1 MPH)
|
Top of the 6th over - 0 runs, 0 hits, 0 errors, 0 left on base; Chicago (APP) 3 - San Diego (APP) 2 |
BOTTOM OF THE 6TH |
San Diego (APP) Padres batting - Pitching for Chicago (APP) Cubs : RHP Javier Rivera
|
Batting: RHB Laroya Foronda
|
0-0: Foul Ball, location: 2F 0-1: Ball 1-1: Swinging Strike 1-2: Strikes out swinging
|
Batting: RHB Luis Ramos
|
0-0: Ball 1-0: Ball 2-0: Foul Ball, location: 2F 2-1: Ground out 6-3 (Groundball, 6D, EV 103.8 MPH)
|
Batting: SHB Juan Luna
|
0-0: Swinging Strike 0-1: Swinging Strike 0-2: Ball 1-2: Strikes out swinging
|
Bottom of the 6th over - 0 runs, 0 hits, 0 errors, 0 left on base; Chicago (APP) 3 - San Diego (APP) 2 |
TOP OF THE 7TH |
Chicago (APP) Cubs batting - Pitching for San Diego (APP) Padres : RHP John Reffner
|
Batting: RHB Willie Martinez
|
0-0: Ball 1-0: Foul Ball, location: 2F 1-1: Ball 2-1: Ball 3-1: DOUBLE (Flyball, 78D, EV 104.4 MPH)
|
Batting: RHB Casey Snyder
|
0-0: Intentional Walk
|
Batting: RHB Troy Nichols
|
0-0: Called Strike 0-1: Ball 1-1: Reached on error, E1 (Groundball, P, EV 70.6 MPH) Willie Martinez to third Casey Snyder to second
|
Batting: RHB A.J. Moore
|
0-0: Called Strike 0-1: Swinging Strike 0-2: Ball 1-2: Ball 2-2: Foul Ball, location: 2F 2-2: Foul Ball, location: 2F 2-2: Foul Ball, location: 2F 2-2: Strikes out looking
|
Batting: RHB Javier Rivera
|
0-0: Ball 1-0: Foul Ball, location: 2F 1-1: SINGLE (Flyball, 4MD, EV 95.0 MPH) Willie Martinez scores Casey Snyder to third Troy Nichols to second Runner from 3rd tries for Home, SAFE, throw by CF to home
|
Pitching: RHP Cesar Nunez
|
|
Batting: RHB Chris Petrock
|
0-0: Called Strike 0-1: Foul Ball, location: 2F 0-2: Foul Ball, location: 2F 0-2: Ball 1-2: Ball Passed Ball! Troy Nichols to third Javier Rivera to second 2-2: Ground out U3 (Groundball, 34, EV 100.6 MPH) Troy Nichols scores Javier Rivera to third
|
Batting: SHB Eddie Tetzlaff
|
0-0: Ball 1-0: Foul Ball, location: 2F 1-1: Ball 2-1: SINGLE (Line Drive, 56D, EV 95.0 MPH) Javier Rivera scores
|
Batting: RHB Jacob Nagle
|
0-0: Ball 1-0: Called Strike 1-1: Ball Passed Ball! Eddie Tetzlaff to second 2-1: Ball 3-1: Ground out 5-3 (Groundball, 5, EV 86.3 MPH)
|
Top of the 7th over - 4 runs, 3 hits, 1 error, 1 left on base; Chicago (APP) 7 - San Diego (APP) 2 |
BOTTOM OF THE 7TH |
San Diego (APP) Padres batting - Pitching for Chicago (APP) Cubs : RHP Javier Rivera
|
Batting: LHB Bobby Mohr
|
0-0: Ball 1-0: Ball 2-0: Foul Ball, location: 2F 2-1: Foul Ball, location: 2F 2-2: Strikes out swinging
|
Batting: LHB Justin Banner
|
0-0: Ground out U3 (Groundball, 3, EV 99.4 MPH)
|
Batting: RHB Jonathan Klug
|
0-0: Called Strike 0-1: Ball 1-1: Ball 2-1: Foul Ball, location: 2F 2-2: Ball 3-2: Base on Balls
|
Batting: RHB Cesar Nunez
|
0-0: Called Strike 0-1: Ball Wild Pitch! Jonathan Klug to second 1-1: Ball 2-1: Foul Ball, location: 2F 2-2: Foul Ball, location: 2F 2-2: Strikes out looking
|
Bottom of the 7th over - 0 runs, 0 hits, 0 errors, 1 left on base; Chicago (APP) 7 - San Diego (APP) 2 |
TOP OF THE 8TH |
Chicago (APP) Cubs batting - Pitching for San Diego (APP) Padres : RHP Cesar Nunez
|
Batting: LHB Ryan Cross
|
0-0: Ball 1-0: Ball 2-0: Ball 3-0: Called Strike 3-1: Base on Balls
|
Batting: RHB Willie Martinez
|
0-0: Ball Passed Ball! Ryan Cross to second 1-0: Ball Wild Pitch! Ryan Cross to third 2-0: Ball Passed Ball! Ryan Cross scores 3-0: Called Strike 3-1: Foul Ball, location: 2F 3-2: Ground out 1-3 (Groundball, 34S, EV 84.4 MPH)
|
Batting: RHB Casey Snyder
|
0-0: Ball 1-0: Called Strike 1-1: Fly out, F9 (Flyball, 89S, EV 80.6 MPH)
|
Batting: RHB Troy Nichols
|
0-0: Ball 1-0: Called Strike 1-1: Ball 2-1: SINGLE (Line Drive, 3D, EV 108.1 MPH)
|
Batting: RHB A.J. Moore
|
0-0: Ball Passed Ball! Troy Nichols to second 1-0: Ground out 5-3 (Groundball, 5, EV 103.1 MPH)
|
Top of the 8th over - 1 run, 1 hit, 0 errors, 1 left on base; Chicago (APP) 8 - San Diego (APP) 2 |
BOTTOM OF THE 8TH |
San Diego (APP) Padres batting - Pitching for Chicago (APP) Cubs : RHP Javier Rivera
|
Pitching: LHP Jesse Fogg
|
|
Batting: RHB Luis Juarez
|
0-0: Called Strike 0-1: Ball 1-1: Foul Ball, location: 2F 1-2: Ball 2-2: Foul Ball, location: 2F 2-2: Fly out, F8 (Line Drive, 8RD, EV 91.9 MPH)
|
Batting: SHB Justin Burkholder
|
0-0: Ball 1-0: Ball 2-0: Ball 3-0: Called Strike 3-1: Ground out 6-3 (Groundball, 6, EV 105.6 MPH)
|
Batting: RHB Laroya Foronda
|
0-0: Swinging Strike 0-1: Foul Ball, location: 2F 0-2: Ball 1-2: Ball 2-2: Strikes out swinging
|
Bottom of the 8th over - 0 runs, 0 hits, 0 errors, 0 left on base; Chicago (APP) 8 - San Diego (APP) 2 |
TOP OF THE 9TH |
Chicago (APP) Cubs batting - Pitching for San Diego (APP) Padres : RHP Cesar Nunez
|
Pinch Hitting: LHB Dave Wheeler
|
0-0: Called Strike 0-1: Called Strike 0-2: Ball 1-2: Strikes out swinging
|
Batting: RHB Chris Petrock
|
0-0: Ball 1-0: Ball 2-0: Called Strike 2-1: Ball 3-1: Ground out 6-3 (Groundball, 6, EV 98.1 MPH)
|
Batting: SHB Eddie Tetzlaff
|
0-0: Ball 1-0: Foul Ball, location: 2F 1-1: Foul Ball, location: 2F 1-2: Strikes out swinging
|
Top of the 9th over - 0 runs, 0 hits, 0 errors, 0 left on base; Chicago (APP) 8 - San Diego (APP) 2 |
BOTTOM OF THE 9TH |
San Diego (APP) Padres batting - Pitching for Chicago (APP) Cubs : LHP Jesse Fogg
|
Pitching: LHP Kyle Hamilton
|
|
Batting: RHB Luis Ramos
|
0-0: Called Strike 0-1: Foul Ball, location: 2F 0-2: Fly out, F8 (Flyball, 8LD, EV 96.3 MPH)
|
Batting: SHB Juan Luna
|
0-0: Called Strike 0-1: SINGLE (Line Drive, 9LM, EV 108.8 MPH)
|
Batting: LHB Bobby Mohr
|
0-0: Ball 1-0: Ball 2-0: Foul Ball, location: 2F 2-1: Ball 3-1: Base on Balls Juan Luna to second
|
Batting: LHB Justin Banner
|
0-0: Ball 1-0: Ball 2-0: Fly out, F9 (Flyball, 9LS, EV 75.0 MPH)
|
Batting: RHB Jonathan Klug
|
0-0: Called Strike 0-1: Foul Ball, location: 2F 0-2: Hit by Pitch Juan Luna to third Bobby Mohr to second
|
Batting: RHB Cesar Nunez
|
0-0: Ball 1-0: Ball Passed Ball! Juan Luna scores Bobby Mohr to third Jonathan Klug to second 2-0: Ground out 6-3 (Groundball, 56, EV 98.1 MPH)
|
Bottom of the 9th over - 1 run, 1 hit, 0 errors, 2 left on base; Chicago (APP) 8 - San Diego (APP) 3 |
|